 Dungeon Crawl Stone Soup version 0.32-a0-675-gdc239d62e1 (webtiles) character file.

Game seed: 9246542007684150841

2 Zeldest the Slasher (level 1, -2/18 HPs)
             Began as a Coglin Chaos Knight on Mar 11, 2024.
             Was a Plaything of Xom.
             Incinerated by a bombardier beetle (4 damage)
             ... with a burning spray
             ... on level 1 of the Dungeon.
             The game lasted 00:00:15 (84 turns).

Zeldest the Slasher (Coglin Chaos Knight)             Turns: 84, Time: 00:00:15

Health: -2/18      AC:  5    Str: 12    XL:     1   Next: 40%
Magic:  1/1        EV: 11    Int: 11    God:    Xom [..*...]
Gold:   0          SH:  0    Dex: 13    Spells: 0/0 levels left

rFire   . . .        a - +0 falchion (chaos) {Somchai}
rCold   . . .        d - +0 dagger {Navbir}
rNeg    . . .        b - +2 leather armour
rPois   .            (no helmet)
rElec   .            (no cloak)
rCorr   .            (no gloves)
SInv    .            (no boots)
Will    .....        (amulet unavailable)
Stlth   +            (ring unavailable)
HPRegen 0.23/turn    (ring unavailable)
MPRegen 0.07/turn    (no gizmo)

%: no passive effects
@: on fire, glowing, revved
A: off-hand wielding, slow wielding, warmup strikes, no jewellery
a: Invent Gizmo, Renounce Religion


You were on level 1 of the Dungeon.
You worshipped Xom.
You were a toy of Xom.
You visited 1 branch of the dungeon, and saw 1 of its levels.

Inventory:

Hand Weapons
 a - a +0 falchion of chaos (weapon) {Somchai}
 d - a +0 dagger (offhand) {Navbir}
Armour
 b - a +2 leather armour (worn)
Scrolls
 c - a scroll of butterflies
Potions
 e - 2 potions of attraction {unknown}


   Skills:
 + Level 3.0 Fighting
 * Level 3.1 Long Blades
 - Level 1.7 Armour
 + Level 1.0 Dodging


You couldn't memorise any spells.
You didn't know any spells.
Your spell library was empty.

Dungeon Overview and Level Annotations

Branches:
Dungeon (1/15) Zot: 5915

Altars:


Innate Abilities, Weirdness & Mutations

You can wield a second weapon in your off-hand.
It takes a long time for you to wield or remove held weapons.
Your first few attacks do less damage.
You cannot equip rings or amulets.


Message History

You are too injured to fight recklessly!
You hit the gnoll but do no damage.
The gnoll is moderately wounded.
You hit the gnoll with your +0 dagger. The gnoll hits you with a +0 club.
You emit a cloud of colourful smoke!
You hit the gnoll with your +0 dagger.
The gnoll is heavily wounded.
You hit the gnoll with your +0 falchion of chaos.
The gnoll looks weaker.
The gnoll closely misses you.
You hit the gnoll with your +0 falchion of chaos.
The gnoll seems to speed up.
Xom is mildly amused.
The gnoll is severely wounded.
You hit the gnoll but do no damage. The gnoll closely misses you.
You hit the gnoll but do no damage.
The gnoll is severely wounded.
You hit the gnoll but do no damage.
The gnoll evaporates and reforms as a bombardier beetle!
You barely miss the bombardier beetle with your +0 falchion of chaos.
The bombardier beetle is severely wounded.
You barely miss the bombardier beetle with your +0 dagger.
The bombardier beetle sprays incendiary fluid at you.
The burning spray hits you.
You are covered in liquid fire!
You hit the bombardier beetle but do no damage.
The bombardier beetle is severely wounded.
You hit the bombardier beetle but do no damage.
The liquid fire burns you!
You hit the bombardier beetle with your +0 falchion of chaos.
The bombardier beetle is almost dead.
You hit the bombardier beetle but do no damage.
The liquid fire burns you!
* * * LOW HITPOINT WARNING * * *
The bombardier beetle barely misses you.
You hit the bombardier beetle with your +0 falchion of chaos.
The bombardier beetle is almost dead.
You hit the bombardier beetle but do no damage.
The liquid fire burns you!
You die... "This toy is broken."

#..#.##..#.###
#..#.##.......
#.###....###.##.##
#...'...........# #
#####...###..#..#
#.#+####......#.#####.
###........###.##.......
.....>.§...+............
##...§@☼..###.#.......#
#...B§...# #.#.#####.#
#.#....#####.......#
#............#+###.#
.......#.###.......#
...........# #.......#
##.......#..##.......#
###+######..........#
#........#


You could see a bombardier beetle.

Vanquished Creatures
  A dart slug (D:1)
1 creature vanquished.

Notes
Turn   | Place    | Note
-------+----------+-------------------------------------------
     0 | D:1      | Zeldest the Coglin Chaos Knight began the quest for the
                  | Orb.
     0 | D:1      | Reached XP level 1. HP: 18/18 MP: 1/1
    23 | D:1      | Reached skill level 1 in Dodging
    65 | D:1      | XOM: silly message
    77 | D:1      | XOM: smoke on damage
    80 | D:1      | a gnoll changed into a bombardier beetle
    80 | D:1      | Noticed a bombardier beetle
    84 | D:1      | Incinerated by a bombardier beetle

Illustrated notes

Levels and vault maps discovered:
D:1:      grunt_arrival_crossed_arrows, layout_basic

Skill      XL: |  1 |
---------------+----+-----
Dodging        | 1 |  1.0
Fighting       | |  3.0
Long Blades    | |  3.1
Armour         | |  1.7

Action                     || total
---------------------------++-------
  Melee: Dagger            ||    17
         Falchion          ||    16
 Armour: Leather armour    ||     5
  Dodge: Dodged            ||     8

Table legend: (Time is in decaauts)
 A = Elapsed time spent in this place.
 B = Non-inter-level travel time spent in this place.
 C = Inter-level travel time spent in this place.
 D = Time resting spent in this place.
 E = Time spent auto-exploring this place.
 F = Levels seen in this place.
 G = Mean time per level.
                   A        B        C        D        E       F      G
               +--------+--------+--------+--------+--------+-----+--------+
         Total |     84 |     84 |      0 |      0 |     57 |   1 |   84.0 |
       Dungeon |     84 |     84 |      0 |      0 |     57 |   1 |   84.0 |
               +--------+--------+--------+--------+--------+-----+--------+

Top non-repeatable levels by time:
     D:1: 84 daAuts
